 Dungeon Crawl Stone Soup version 0.30.0-15-g856e2d3f33 (webtiles) character file.

Game seed: 16181796831499797866

39 sasquatch the Sneak (level 3, -1/18 HPs)
             Began as a Vine Stalker Brigand on May 20, 2023.
             Slain by Grinder (4 damage)
             ... on level 3 of the Dungeon.
             The game lasted 00:02:20 (754 turns).

sasquatch the Sneak (Vine Stalker Brigand)           Turns: 754, Time: 00:02:20

Health: -1/18      AC:  3    Str: 13    XL:     3   Next: 45%
Magic:  0/4        EV: 11    Int: 11    God:
Gold:   83         SH:  0    Dex: 17    Spells: 2/2 levels left

rFire   . . .        a - +2 dagger
rCold   . . .        (no shield)
rNeg    . . .        b - +0 robe
rPois   .            (no helmet)
rElec   .            c - +0 cloak
rCorr   .            (no gloves)
SInv    .            (no boots)
Will    .....        (no amulet)
Stlth   +++          (no ring)
HPRegen 0.23/turn    (no ring)
MPRegen 0.09/turn

%: guardian spirit
@: no status effects
A: fangs 2, magic shield, antimagic bite, no potion heal 2
a: no special abilities


You were on level 3 of the Dungeon.
You visited 1 branch of the dungeon, and saw 4 of its levels.

You collected 83 gold pieces.

Inventory:

Hand Weapons
 a - a +2 dagger (weapon)
Missiles
 d - 9 poisoned darts (quivered)
 e - 3 curare-tipped darts
Armour
 b - a +0 robe (worn)
 c - a +0 cloak (worn)
Scrolls
 g - a scroll of blinking {unknown}
 h - a scroll of identify
 i - a scroll of brand weapon {unknown}
 l - a scroll of butterflies {unknown}
 n - a scroll of enchant armour {unknown}
Potions
 f - a potion of brilliance
 j - 2 potions of attraction {unknown}
 k - 2 potions of haste {unknown}
 m - a potion of curing
 o - a potion of invisibility {unknown}
 p - a potion of flight {unknown}
 q - a potion of heal wounds {unknown}


   Skills:
 - Level 1.7 Fighting
 + Level 3.2 Short Blades
 - Level 2.0 Throwing
 - Level 0.7 Dodging
 - Level 5.0 Stealth


You had 2 spell levels left.
You didn't know any spells.
Your spell library was empty.

Dungeon Overview and Level Annotations

Branches:
Dungeon (4/15)
 Temple: D:4-7

Altars:

Annotations:
D:3 Grinder


Innate Abilities, Weirdness & Mutations

You have extremely sharp teeth.
When hurt, damage is shared between your health and your magic reserves.
Your bite disrupts and absorbs the magic of your enemies.
Potions cannot restore your health.


Message History

There is a stone staircase leading down here.
The helpless quokka fails to defend itself.
You impale the quokka!!
You kill the quokka!
No target in view!
No target in view!
You now have 70 gold pieces (gained 11).
q - a smoky golden potion You now have 83 gold pieces (gained 13).
A goblin comes into view. It is wielding a +0 dagger.
Found 2 throwing nets.
The goblin shouts!
You hear a shout!
A goblin is nearby!
An orc priest and 2 orcs come into view.
Found a smoky golden potion.
The orc priest shouts!
You hit the goblin. Your bite misses the goblin.
The goblin is heavily wounded.
Grinder comes into view.
The goblin hits you with a +0 dagger.
You hit the goblin.
You kill the goblin!
The orc priest invokes the aid of Beogh against you.
Beogh smites you!
You see here a +0 dagger.
You are too injured to fight recklessly!
It was a potion of curing.
That felt strangely inert.
The orc priest hits you with a +0 club.
* * * LOW HITPOINT WARNING * * *
The orc hits you but does no damage. Grinder barely misses you.
Okay, then.
As you read the scroll labelled SAN OPHI AMPANYANI, it crumbles to dust.
It is a scroll of identify.
f - a potion of brilliance The orc priest misses you.
Grinder barely misses you. The orc attacks as you move away!
The orc barely misses you. Grinder attacks as you move away! Grinder hits you.
* * * LOW HITPOINT WARNING * * *
You writhe in agony.
You die...

#.......# #.#
#.#.....# #.#
........# #.######
#.......# #......#
##.####.######..###.
## #.........#..
#########.#.#
#.#o#.# #.@.o.#
#....o5..!#
#.######.#.# (# # .
#. .# .


You could see Grinder, an orc priest and 2 orcs.

Vanquished Creatures
  A dart slug (D:2)
  2 endoplasms (D:1)
  A giant cockroach (D:1)
  4 goblins
  A hobgoblin (D:1)
  7 jackals (D:1)
  2 quokkas
  4 ball pythons (D:1)
  4 bats
  4 frilled lizards (D:1)
  A kobold (D:1)
  2 rats (D:1)
33 creatures vanquished.

Notes
Turn   | Place    | Note
-------+----------+-------------------------------------------
     0 | D:1      | sasquatch the Vine Stalker Brigand began the quest for the
                  | Orb.
     0 | D:1      | Reached XP level 1. HP: 11/11 MP: 2/2
    32 | D:1      | Reached skill level 5 in Stealth
    58 | D:1      | Reached XP level 2. HP: 9/15 MP: 1/3
   309 | D:1      | Reached XP level 3. HP: 6/18 MP: 2/4
   703 | D:2      | You fall into a shaft and drop 2 floors!
   749 | D:3      | Noticed Grinder
   754 | D:3      | Slain by Grinder

Illustrated notes

Levels and vault maps discovered:
D:1:      lightli_arrival_statuegarden, layout_rooms, minmay_tree_intersection
D:2:      layout_rooms
D:3:      layout_loops_cross, nzn_wu_jian_contemplation,
          mainiacjoe_overflow_paths, chequers_jeans, uniq_grinder, uniq_sigmund
D:4:      layout_layer_cave, uniq_menkaure, uniq_duvessa

Skill      XL: |  1  2  3 |
---------------+----------+-----
Short Blades   | 2 3 |  3.2
Throwing       | 2 |  2.0
Stealth        | 5 |  5.0
Fighting       | |  1.7
Dodging        | |  0.7

Action                     || total
---------------------------++-------
  Melee: Dagger            ||    83
         Bite              ||    12
         Punch             ||     1
    Use: Scroll            ||     1
         Potion            ||     1
   Stab: Sleeping          ||     8
 Armour: Robe              ||    29
  Dodge: Dodged            ||    61
